 Dungeon Crawl Stone Soup version 0.26-a0-1107-g6118521029 (webtiles) character file.

Game seed: 5156346218376679149

1299 robertstho the Slinger (level 8, -3/54 HPs)
             Began as a Halfling Hunter on Dec 16, 2020.
             Killed by nerve-wracking pain
             ... invoked by an orc priest
              (6 damage)
             ... on level 5 of the Dungeon.
             The game lasted 00:09:18 (5814 turns).

robertstho the Slinger (Halfling Hunter)            Turns: 5814, Time: 00:09:18

Health: -3/54      AC: 10    Str: 15    XL:     8   Next: 87%
Magic:  8/8        EV: 11    Int:  9    God:
Gold:   499        SH:  0    Dex: 15    Spells: 7/7 levels left

rFire    + . .     SeeInvis .   b - +1 short sword (venom)
rCold    + . .     Faith    .   (shield restricted)
rNeg     . . .     Spirit   .   n - +0 chain mail
rPois    +         Reflect  .   g - +0 helmet
rElec    +         Harm     .   (no cloak)
rCorr    +         Rampage  .   (no gloves)
Will     .....                  (no boots)
Stlth    ..........             (no amulet)
HPRegen  0.18/turn              h - ring of stealth
MPRegen  0.11/turn              (no ring)

@: resistant
A: small, mutation resistance 1
a: no special abilities


You were on level 5 of the Dungeon.
You visited 1 branch of the dungeon, and saw 7 of its levels.
You also visited: Ossuary.

You collected 499 gold pieces.

Inventory:

Hand Weapons
 a - a +1 hunting sling
 b - a +1 short sword of venom (weapon)
 i - a +0 short sword of holy wrath
Missiles
 d - 37 sling bullets
 f - 62 stones (quivered ammo)
Armour
 g - a +0 helmet (worn)
 n - a +0 chain mail (worn)
Jewellery
 h - a ring of stealth (left hand)
Wands
 p - a wand of paralysis (9)
Scrolls
 c - a scroll of enchant weapon {unknown}
 k - 2 scrolls of amnesia {unknown}
 l - a scroll of noise {unknown}
 m - a scroll of teleportation {unknown}
 o - 2 scrolls of magic mapping {unknown}
Potions
 j - 2 potions of flight


   Skills:
 * Level 4.5 Fighting
 + Level 1.3 Short Blades
 * Level 11.6 Slings
 * Level 3.0 Armour
 * Level 4.9 Dodging
 + Level 1.2 Stealth


You had 7 spell levels left.
You didn't know any spells.
Your spell library was empty.

Dungeon Overview and Level Annotations

Branches:
Dungeon (7/15)            Ossuary (visited)
 Temple: D:4-7

Altars:
Cheibriados
Qazlal
Ru
Uskayaw
The Shining One


Innate Abilities, Weirdness & Mutations

You are small and have problems with some larger weapons.
You are somewhat resistant to further mutation.


Message History

You hit the orc priest.
The orc priest is poisoned.
The orc priest is lightly wounded.
The orc priest hits you but does no damage.
You hit the orc priest.
The orc priest is moderately wounded.
The orc priest hits you but does no damage.
You hit the orc priest.
The orc priest looks as sick as possible!
The orc priest is moderately wounded.
The orc priest barely misses you.
You hit the orc priest.
The orc priest looks as sick as possible!
The orc priest is heavily wounded.
The orc priest hits you but does no damage.
You hit the orc priest.
The orc priest looks as sick as possible!
The orc priest is almost dead.
The orc priest mumbles some strange prayers to Beogh against you.
Pain shoots through your body!
You die...

## #..#...#### #..# #.#
.#.##+#......### ##.# #.######
.##.....##.....# #.# #......#
..#.....##.....# #.## #......#
....._..+......# #..# #......#
.##.....#......# ##.## #......#
........##.....# #..# #......#
.##.#+.##......#######.###......#
.###..###(((...o@.......##....).#
......(.)((....######.#.##.......
......((((..#### #.#†##.#+####
####..####### #...........# #.##
#...........# #.# #..........(#
... #......>....# ###.
#...........# . #...........#


You could see an orc priest (extremely poisoned).

Vanquished Creatures
  Sigmund (D:2)
  4 ogres (D:4)
  2 orc priests (D:4)
  A quasit (D:5)
  A bullfrog skeleton (D:5)
  2 hounds (D:5)
  4 orc wizards
  A centaur skeleton (D:7)
  A worker ant (D:4)
  7 big kobold zombies (Ossuary)
  2 mummies (Ossuary)
  Robin (D:2)
  8 adders
  7 gnolls
  A white imp (D:5)
  An ufetubus (D:5)
  3 worms
  A leopard gecko (D:3)
  12 orcs
  6 giant cockroaches
  A gnoll zombie (Ossuary)
  27 goblins
  8 hobgoblins
  3 jackals (D:5)
  18 kobolds
  4 quokkas
  A ball python (D:3)
  6 bats
  3 frilled lizards (D:1)
  3 goblin skeletons (D:5)
  A goblin zombie (Ossuary)
  4 hobgoblin zombies
  4 kobold zombies (D:5)
  An orc skeleton (D:5)
  4 orc zombies
  A quokka skeleton (D:5)
  12 rats
167 creatures vanquished.

Vanquished Creatures (others)
  12 plants (D:3)
12 creatures vanquished.

Grand Total: 179 creatures vanquished

Notes
Turn   | Place    | Note
-------+----------+-------------------------------------------
     0 | D:1      | robertstho the Halfling Hunter began the quest for the Orb.
     0 | D:1      | Reached XP level 1. HP: 14/14 MP: 1/1
    81 | D:1      | Reached skill level 6 in Slings
   113 | D:1      | Reached XP level 2. HP: 19/19 MP: 2/2
   542 | D:1      | Reached XP level 3. HP: 24/24 MP: 3/3
  1059 | D:2      | Reached skill level 7 in Slings
  1075 | D:2      | Noticed Robin
  1078 | D:2      | Reached XP level 4. HP: 29/29 MP: 4/4
  1102 | D:2      | Killed Robin
  1103 | D:2      | Reached skill level 1 in Armour
  1437 | D:2      | Found a hide-covered altar of Uskayaw.
  1450 | D:2      | Noticed a +0 hand axe
  1451 | D:2      | Noticed a +0 dagger
  1559 | D:2      | Noticed Sigmund
  1649 | D:2      | Killed Sigmund
  1650 | D:2      | Reached skill level 8 in Slings
  1650 | D:2      | Reached XP level 5. HP: 35/35 MP: 5/5
  1650 | D:2      | Reached XP level 6. HP: 41/41 MP: 6/6
  1942 | D:2      | You fall into a shaft and drop 1 floor!
  1969 | D:2      | Reached skill level 9 in Slings
  2890 | D:3      | Found a sacrificial altar of Ru.
  3395 | D:3      | Reached XP level 7. HP: 42/45 MP: 7/7
  3929 | D:4      | Found a sand-covered staircase.
  3934 | Ossuary  | Entered an ossuary
  4461 | D:4      | Reached skill level 1 in Short Blades
  4550 | D:4      | Reached skill level 10 in Slings
  4581 | D:4      | Reached XP level 8. HP: 35/52 MP: 8/8
  5185 | D:4      | Reached skill level 11 in Slings
  5185 | D:4      | Found a stormy altar of Qazlal.
  5414 | D:4      | You fall into a shaft and drop 3 floors!
  5434 | D:7      | Found a snail-covered altar of Cheibriados.
  5449 | D:5      | Entered Level 5 of the Dungeon
  5663 | D:5      | Found a glowing golden altar of the Shining One.
  5806 | D:5      | HP: 2/54 [orc priest/divine providence (13)]
  5814 | D:5      | Killed from afar by an orc priest

Illustrated notes

Levels and vault maps discovered:
D:1:      lemuel_arrival_funnel, layout_basic
D:2:      layout_basic, dancing_weapons_uskayaw, minmay_surrounded,
          uniq_sigmund, uniq_robin
D:3:      layout_basic, nicolae_ru_awakened_eye, lexackson_kobold_supper
D:4:      layout_cave_pools, marbit_many_paths, nicolae_ossuary_entry_plus
D:5:      minmay_chambers_of_fours, layout_basic, nicolae_tso_besieged_by_evil
D:6:      layout_loops_ring, kennysheep_okawaru_gauntlet
D:7:      layout_basic, minmay_temple_entry_junction, basic_altar

Skill      XL: |  1  2  3  4  5  6  7  8 |
---------------+-------------------------+-----
Slings         | 6 7 8 9 10 11 | 11.6
Fighting       | 2 3 4 |  4.5
Armour         | 1 2 3 |  3.0
Dodging        | 3 4 |  4.9
Short Blades   | 1 |  1.3
Stealth        | |  1.2

Action                   |  1- 3 |  4- 6 |  7- 9 || total
-------------------------+-------+-------+-------++-------
Melee: Short sword       |       |     1 |    98 ||    99
 Fire: Hunting sling     |    98 |   211 |   349 ||   658
  Use: Scroll            |       |     3 |     1 ||     4
       Potion            |       |       |     9 ||     9
Armor: Leather armour    |     3 |     9 |    29 ||    41
       Chain mail        |       |       |    30 ||    30
Dodge: Dodged            |    10 |    58 |   152 ||   220

Table legend: (Time is in decaauts)
 A = Elapsed time spent in this place.
 B = Non-inter-level travel time spent in this place.
 C = Inter-level travel time spent in this place.
 D = Time resting spent in this place.
 E = Time spent auto-exploring this place.
 F = Levels seen in this place.
 G = Mean time per level.
                   A        B        C        D        E       F      G
               +--------+--------+--------+--------+--------+-----+--------+
         Total |   5624 |   5445 |    179 |    240 |   4194 |   8 |  703.0 |
       Dungeon |   5145 |   4966 |    179 |      0 |   4109 |   7 |  735.0 |
       Ossuary |    479 |    479 |      0 |    240 |     85 |   1 |  479.0 |
               +--------+--------+--------+--------+--------+-----+--------+

Top non-repeatable levels by time:
     D:2: 1844 daAuts
     D:3: 1008 daAuts
     D:1: 999 daAuts
     D:4: 942 daAuts
 Ossuary: 479 daAuts
     D:5: 317 daAuts
     D:7: 26 daAuts
     D:6: 5 daAuts
